 Dungeon Crawl Stone Soup version 0.19.5 (webtiles) character file.

23116 peegee42 the Covert (level 12, -2/92 HPs)
             Began as a Vampire Assassin on Mar 23, 2017.
             Was an Elder of Nemelex Xobeh.
             Slain by a raiju (7 damage)
             ... on level 1 of the Abyss on Mar 24, 2017.
             The game lasted 03:44:33 (21805 turns).

peegee42 the Covert (Vampire Assassin)             Turns: 21805, Time: 03:44:34

Health: -2/92      AC: 24    Str: 14    XL:     12   Next: 69%
Magic:  14/14      EV:  8    Int: 17    God:    Nemelex Xobeh [****..]
Gold:   813        SH:  0    Dex: 19    Spells: 4 memorised, 2 levels left

rFire  . . .     SeeInvis +     y - +1 long sword (elec)
rCold  + . .     Gourm    .     x - +0 plate armour
rNeg   + + .     Faith    .     (no shield)
rPois  +         Spirit   .     (no helmet)
rElec  .         Reflect  .     a - +1 cloak
rCorr  .         Harm     .     z - +0 pair of gloves
MR     +....                    h - +2 pair of boots {Fly}
Stlth  ++........               N - amulet of regeneration
                                Q - ring "Lanwaido" {rPois AC+3 Int+3}
                                K - +3 ring of strength

@: regenerating slowly
A: fangs 3, see invisible, unbreathing
a: Bat Form, Triple Draw, Deal Four, Renounce Religion, Evoke Flight


You were on level 1 of the Abyss.
You worshipped Nemelex Xobeh.
Nemelex Xobeh was greatly pleased with you.
You were very thirsty.

You visited 2 branches of the dungeon, and saw 14 of its levels.
You visited the Abyss 1 time.

You collected 813 gold pieces.

Inventory:

Hand Weapons
 b - a +0 blowgun
 d - a +4 short sword
 p - a +1 dagger of draining
 y - a +1 long sword of electrocution (weapon)
Missiles
 e - 56 poisoned needles
 k - 3 poisoned tomahawks (quivered)
 n - 2 curare-tipped needles
 C - 9 tomahawks
Armour
 a - a +1 cloak (worn)
 h - a +2 pair of boots of flying (worn)
 x - a +0 plate armour (worn)
 z - a +0 pair of gloves (worn)
 B - a +0 plate armour
 O - a +1 scale mail of magic resistance
 S - the +1 scale mail "Peac" {Int+4}
   (You found it on level 5 of the Dungeon)

   It affects your intelligence (+4).
Magical Staves
 J - an uncursed staff of earth
Jewellery
 I - an uncursed ring of stealth
 K - a +3 ring of strength (left hand)
 N - an amulet of regeneration (around neck)
 Q - the ring "Lanwaido" (right hand) {rPois AC+3 Int+3}
   (You found it on level 8 of the Dungeon)

   [ring of protection]

   It affects your AC (+3).
   It affects your intelligence (+3).
   It protects you from poison.
 Y - a +5 ring of intelligence {seti se}
Wands
 j - a wand of flame (28/48)
 r - a wand of flame (3/48)
 s - a wand of acid (3/15)
 t - a wand of polymorph (14/24)
 v - a wand of polymorph (12/24)
 E - a wand of iceblast (9/15)
 T - a wand of polymorph (6/24)
Scrolls
 c - a scroll of recharging
 l - 4 scrolls of noise
 m - a scroll of magic mapping
 w - 3 scrolls of identify
 F - a scroll of fog
 R - 3 scrolls of teleportation
Potions
 f - a potion of ambrosia {unknown}
 g - a potion of blood
 i - 9 potions of curing
 o - a potion of agility
 q - a potion of cure mutation
 D - a potion of resistance {unknown}
 L - 5 potions of mutation
Books
 u - a book of Cantrips

   Spells                             Type                      Level
   a - Confusing Touch                Hexes                        1
   b - Animate Skeleton               Necromancy                   1
   c - Summon Small Mammal            Summoning                    1
   d - Apportation                    Translocation                1
 H - a book of Frost

   Spells                             Type                      Level
   a - Freeze                         Ice                          1
   b - Throw Frost                    Conjuration/Ice              2
   c - Ozocubu's Armour               Charms/Ice                   3
   d - Throw Icicle                   Conjuration/Ice              4
   e - Summon Ice Beast               Ice/Summoning                4
 M - a book of Conjurations

   Spells                             Type                      Level
   a - Magic Dart                     Conjuration                  1
   b - Searing Ray                    Conjuration                  2
   c - Dazzling Spray                 Conjuration/Hexes            3
   d - Fulminant Prism                Conjuration/Hexes            4
   e - Iskenderun's Mystic Blast      Conjuration                  4
   f - Iskenderun's Battlesphere      Conjuration/Charms           5
 W - a book of Callings

   Spells                             Type                      Level
   a - Summon Small Mammal            Summoning                    1
   b - Call Imp                       Summoning                    2
   c - Call Canine Familiar           Summoning                    3
   d - Summon Guardian Golem          Hexes/Summoning              3
   e - Summon Lightning Spire         Summoning/Air                4
   f - Summon Ice Beast               Ice/Summoning                4
Miscellaneous
 A - an ornate deck of destruction {drawn: 1}
 P - a plain deck of summoning {drawn: 2}
 U - a plain deck of escape {drawn: 3}
 V - a plain deck of destruction
 X - a legendary deck of escape {drawn: 4}
 Z - an ornate deck of summoning


   Skills:
 + Level 7.9 Fighting
 + Level 11.2(11.3) Short Blades
 + Level 1.4(6.7) Long Blades
   Level 2.2 Axes
 + Level 4.6 Throwing
 + Level 8.6 Armour
 + Level 8.9 Dodging
 + Level 13.6 Stealth
 + Level 0.3 Spellcasting
 + Level 0.4 Hexes
 + Level 0.2 Summonings
 + Level 2.7 Invocations
 + Level 2.0 Evocations


You had 2 spell levels left.
You knew the following spells:

 Your Spells              Type           Power        Failure   Level  Hunger
a - Freeze                Ice            #...         100%        1    ##.....
b - Call Canine Familiar  Summ           #.......     100%        3    ####...
c - Summon Guardian Gole  Hex/Summ       #.......     100%        3    ####...
d - Throw Frost           Conj/Ice       #.....       100%        2    ###....


Dungeon Overview and Level Annotations

Branches:
Dungeon (13/15)            Temple (1/1) D:6            Lair (0/6) D:8
    Orc (0/2) D:9          Vaults (0/5) D:13

Altars:
Ashenzari
Cheibriados
Dithmenos
Elyvilon
Fedhas
Gozag
Hepliaklqana
Kikubaaqudgha
Makhleb
Nemelex Xobeh
Okawaru
Qazlal
Ru
Sif Muna
Trog
Uskayaw
Vehumet
Xom
Yredelemnul
Zin
The Shining One

Shops:
D:5 [   D:6 *   D:12 [

Annotations:
D:2 Robin
D:10 Josephine


Innate Abilities, Weirdness & Mutations

You heal slowly.
You have razor-sharp teeth.
You have supernaturally acute eyesight. (SInv)
You can survive without breathing.


Message History

You closely miss the raiju.
The raiju is heavily wounded.
The raiju bites you! The raiju shocks you!
The raiju bursts into living lightning!
The living lightning misses you.
The living lightning hits the raiju.
The raiju completely resists.
The raiju blinks!
The raiju bursts into living lightning!
The living lightning hits you!
* * * LOW HITPOINT WARNING * * *
The raiju blinks!
The raiju bursts into living lightning!
The living lightning hits you!
* * * LOW HITPOINT WARNING * * *
The raiju blinks! x2
You draw a card...
It is the Tomb.
Walls emerge from the floor!
The raiju bites you!
* * * LOW HITPOINT WARNING * * *
The raiju shocks you!
You die...
Your body glows with a rainbow of weird colours and disappears.

## #. #. .# ###.#
###.#######.##
..§....§h@#.h#
.##.########.....
_ #.# ... # #.# .
#. . #.# ≈.h∩.
#.# .# # #.# #.
.. ## #####.# #.#
#.. .... ..#


You could see a raiju.

Vanquished Creatures
  A hydra (D:12)
  An ogre mage (D:13)
  2 centaur warriors (D:13)
  A death knight (D:13)
  A skeletal warrior (D:13)
  An unseen horror (D:11)
  A hill giant (D:11)
  Pikel (D:4)
  2 deep elf magi (D:13)
  3 ugly things
  A cyclops (D:11)
  2 gargoyles
  A komodo dragon (D:8)
  A freezing wraith (D:13)
  A jumping spider (D:9)
  A troll (D:9)
  Prince Ribbit (D:6)
  A hornet (D:9)
  2 slime creatures (D:13)
  4 two-headed ogres
  2 hippogriffs
  Sigmund (D:4)
  5 wyverns
  A wraith (D:13)
  A shadow (D:12)
  12 yaks
  A hungry ghost (D:10)
  Eustachio (D:6)
  2 vampire mosquitoes (D:13)
  Edmund (D:4)
  3 water moccasins
  Duvessa (D:5)
  A hell hound (D:8)
  A slave (D:4)
  3 ice beasts
  An orc warrior (D:8)
  2 necrophages
  A phantom (D:9)
  4 sky beasts
  3 black bears
  An eye of draining (D:13)
  8 ogres
  7 centaurs
  A crocodile (D:11)
  A big kobold (D:9)
  Blork the orc (D:4)
  7 bullfrogs
  A wyvern zombie (D:13)
  A water moccasin zombie (D:6)
  Dowan (D:5)
  3 scorpions
  6 killer bees
  3 wights (D:13)
  4 howler monkeys
  A bullfrog zombie (D:7)
  3 crimson imps
  3 centaur zombies
  3 hounds
  A quasit (Abyss:1)
  5 jellies
  A bullfrog skeleton (D:5)
  17 orc wizards
  4 orc priests (D:4)
  An iron imp (Abyss:1)
  5 iguanas
  4 worker ants
  A hound zombie (D:11)
  2 worker ant zombies (D:11)
  6 gnolls
  A howler monkey skeleton (D:7)
  15 adders
  2 shadow imps
  7 oozes
  3 adder zombies
  An adder skeleton (D:5)
  A worm (D:2)
  3 dart slugs
  4 leopard geckos
  36 orcs
  2 ball pythons
  16 giant cockroaches
  10 goblins
  9 hobgoblins
  15 jackals
  10 kobolds
  7 quokkas
  7 bats
  2 frilled lizards
  A leopard gecko skeleton (D:6)
  5 rats
335 creatures vanquished.

Vanquished Creatures (collateral kills)
  2 deep elf knights (D:13)
  A centaur zombie (D:13)
  2 trolls
  A shadow (D:13)
  A wraith (D:13)
  A hungry ghost (D:9)
  A water moccasin (D:12)
  A big kobold (D:9)
  3 killer bees (D:9)
  An orc (D:12)
  7 kobolds (D:9)
21 creatures vanquished.

Vanquished Creatures (others)
  A deep elf archer (D:13)
  A deep elf mage (D:13)
  A slave (D:5)
  A giant cockroach (D:5)
4 creatures vanquished.

Grand Total: 360 creatures vanquished

Notes
Turn   | Place    | Note
-------+----------+-------------------------------------------
     0 | D:1      | peegee42 the Vampire Assassin began the quest for the Orb.
     0 | D:1      | Reached XP level 1. HP: 16/16 MP: 1/1
    23 | D:1      | Noticed an electric eel
    44 | D:1      | Reached skill level 6 in Stealth
   333 | D:1      | Reached XP level 2. HP: 22/22 MP: 2/2
   890 | D:2      | Reached XP level 3. HP: 24/27 MP: 3/3
   950 | D:2      | Noticed Robin
  1165 | D:2      | Reached skill level 7 in Stealth
  1199 | D:2      | Reached XP level 4. HP: 30/33 MP: 4/4
  1420 | D:2      | Found a hide-covered altar of Uskayaw.
  1427 | D:2      | Found a snail-covered altar of Cheibriados.
  2769 | D:3      | Reached XP level 5. HP: 32/38 MP: 5/5
  3501 | D:3      | Reached skill level 1 in Axes
  3501 | D:3      | Reached skill level 1 in Armour
  4119 | D:4      | Reached XP level 6. HP: 46/46 MP: 6/6
  4433 | D:4      | Noticed a sky beast
  4435 | D:4      | Killed a sky beast
  4435 | D:4      | Reached skill level 8 in Stealth
  4520 | D:4      | Noticed Sigmund
  4537 | D:4      | Killed Sigmund
  4537 | D:4      | Reached XP level 7. HP: 51/52 MP: 7/7
  4703 | D:4      | Found an opulent altar of Gozag.
  4703 | D:4      | Found a sacrificial altar of Ru.
  4704 | D:4      | Found a sparkling altar of Nemelex Xobeh.
  4712 | D:4      | Became a worshipper of Nemelex Xobeh the Trickster
  5213 | D:4      | Received a gift from Nemelex Xobeh
  5273 | D:4      | Noticed Edmund
  5325 | D:4      | HP: 2/52 [Edmund/dire flail of holy wrath (7)]
  5363 | D:4      | Killed Edmund
  6092 | D:4      | Noticed Blork the orc
  6125 | D:4      | Killed Blork the orc
  6223 | D:4      | Reached XP level 8. HP: 42/58 MP: 8/8
  6564 | D:5      | Entered Level 5 of the Dungeon
  7028 | D:5      | Reached skill level 5 in Short Blades
  7274 | D:5      | Noticed Duvessa
  7284 | D:5      | Noticed Dowan
  7316 | D:5      | Noticed Pikel
  7736 | D:4      | Killed Pikel
  7736 | D:4      | Reached skill level 9 in Stealth
  7819 | D:5      | Killed Duvessa
  7829 | D:5      | Killed Dowan
  7881 | D:5      | Reached XP level 9. HP: 66/66 MP: 9/9
  8104 | D:5      | Found a radiant altar of Vehumet.
  8285 | D:5      | Found Elalekul's Antique Armour Emporium.
  8339 | D:5      | Got an aquamarine-encrusted scale mail
  8350 | D:5      | Identified the cursed +1 scale mail "Peac" {Int+4} (You found it on level 5 of the Dungeon)
  8475 | D:6      | Noticed Eustachio
  8476 | D:6      | Killed Eustachio
  8504 | D:6      | Reached * piety under Nemelex Xobeh
  8524 | D:6      | Noticed Prince Ribbit
  8532 | D:6      | Killed Prince Ribbit
  8532 | D:6      | Reached skill level 5 in Dodging
  8570 | D:6      | Reached skill level 5 in Fighting
  9064 | D:6      | Found Ocrukhok's Assorted Antiques.
  9357 | D:6      | Found a staircase to the Ecumenical Temple.
  9363 | Temple   | Entered the Ecumenical Temple
  9551 | D:6      | Received a gift from Nemelex Xobeh
  9704 | D:7      | Found a shimmering altar of Xom.
  9705 | D:7      | Noticed an angel
  9706 | D:7      | Found a glowing silver altar of Zin.
  9874 | D:7      | Found a white marble altar of Elyvilon.
  9895 | D:7      | Reached ** piety under Nemelex Xobeh
 10048 | D:7      | Reached skill level 5 in Armour
 10250 | D:7      | Received a gift from Nemelex Xobeh
 10260 | D:7      | Learned a level 1 spell: Magic Dart
 10625 | D:8      | Reached skill level 10 in Stealth
 10666 | D:8      | Found a staircase to the Lair.
 11338 | D:8      | Got a flickering bronze ring
 11394 | D:8      | Identified the ring "Lanwaido" {rPois AC+3 Int+3} (You found it on level 8 of the Dungeon)
 11450 | D:8      | Found a stormy altar of Qazlal.
 11475 | D:8      | Noticed a komodo dragon
 11543 | D:8      | Killed a komodo dragon
 11545 | D:8      | Reached XP level 10. HP: 43/74 MP: 10/10
 12196 | D:8      | Received a gift from Nemelex Xobeh
 12842 | D:9      | Reached *** piety under Nemelex Xobeh
 13377 | D:9      | Received a gift from Nemelex Xobeh
 14104 | D:9      | Reached skill level 1 in Long Blades
 14288 | D:9      | Found a blossoming altar of Fedhas.
 14316 | D:9      | Found a staircase to the Orcish Mines.
 14534 | D:9      | Reached skill level 1 in Invocations
 14630 | D:9      | Reached skill level 1 in Evocations
 14882 | D:9      | Received a gift from Nemelex Xobeh
 14973 | D:10     | Entered Level 10 of the Dungeon
 15155 | D:10     | Noticed Josephine
 15164 | D:10     | Gained mutation: Your body sometimes deteriorates upon taking damage. [potion of mutation]
 15164 | D:10     | Gained mutation: You occasionally shout uncontrollably at your foes. [potion of mutation]
 15164 | D:10     | Gained mutation: You are surrounded by a mild repulsion field. (EV +2) [potion of mutation]
 15712 | D:11     | Noticed a hill giant
 15729 | D:11     | Killed a hill giant
 15739 | D:11     | Reached XP level 11. HP: 81/81 MP: 11/11
 15785 | D:11     | Reached **** piety under Nemelex Xobeh
 15897 | D:11     | Noticed an unseen horror
 15939 | D:11     | Killed an unseen horror
 16036 | D:11     | Received a gift from Nemelex Xobeh
 16450 | D:11     | Received a gift from Nemelex Xobeh
 16990 | D:12     | Reached skill level 11 in Stealth
 17004 | D:12     | Noticed a red ugly thing
 17031 | D:12     | Killed a red ugly thing
 17178 | D:12     | Lost mutation: You occasionally shout uncontrollably at your foes. [potion of cure mutation]
 17178 | D:12     | Lost mutation: Your body sometimes deteriorates upon taking damage. [potion of cure mutation]
 17178 | D:12     | Lost mutation: You are surrounded by a mild repulsion field. (EV +2) [potion of cure mutation]
 17278 | D:12     | Found Feudghiodo's Antique Armour Shop.
 18070 | D:12     | Noticed a seven-headed hydra
 18074 | D:12     | Killed a seven-headed hydra
 18074 | D:12     | Reached skill level 10 in Short Blades
 18170 | D:12     | Received a gift from Nemelex Xobeh
 18376 | D:13     | Noticed a deep elf knight
 18376 | D:13     | Noticed a centaur warrior
 18378 | D:13     | Noticed a deep elf knight
 18379 | D:13     | Noticed a purple ugly thing
 18381 | D:13     | Noticed a deep elf mage
 18383 | D:13     | Killed a deep elf knight
 18383 | D:13     | Reached skill level 12 in Stealth
 18385 | D:13     | Noticed an ogre mage
 18385 | D:13     | Learned a level 1 spell: Freeze
 18389 | D:13     | Noticed a deep elf archer
 18394 | D:13     | Killed a deep elf knight
 18399 | D:13     | Noticed a deep elf mage
 18411 | D:13     | Killed a purple ugly thing
 18421 | D:13     | Killed a deep elf mage
 18423 | D:13     | Killed an ogre mage
 18423 | D:13     | Reached XP level 12. HP: 28/91 MP: 7/13
 18447 | D:13     | Reached skill level 13 in Stealth
 18453 | D:13     | Killed a centaur warrior
 18759 | D:13     | Noticed a centaur warrior
 18802 | D:13     | Killed a centaur warrior
 18835 | D:13     | Found a gate to the Vaults.
 19241 | D:13     | Noticed a death knight
 20180 | D:13     | Noticed a rakshasa
 20188 | D:13     | Learned a level 3 spell: Call Canine Familiar
 20202 | D:13     | Learned a level 3 spell: Summon Guardian Golem
 20966 | D:13     | Killed a death knight
 21089 | D:13     | HP: 2/92 [skeletal warrior/hand axe[a death knight] (13)]
 21562 | D:13     | Learned a level 2 spell: Throw Frost
 21631 | D:13     | Noticed a catoblepas
 21659 | D:13     | Cast into level 1 of the Abyss (drawing a card)
 21779 | Abyss:1  | Found a corrupted altar of Lugonu.
 21805 | Abyss:1  | Slain by a raiju

Skill      XL: |  1  2  3  4  5  6  7  8  9 10 11 12 |
---------------+-------------------------------------+-----
Stealth        | 6 7 8 9 10 12 13 | 13.6
Fighting       | 2 3 4 5 6 7 |  7.9
Dodging        | 2 4 5 7 8 |  8.9
Short Blades   | 3 4 6 7 9 10 11 | 11.2
Axes           | 1 2 |  2.2
Armour         | 1 2 3 4 5 6 8 |  8.6
Throwing       | 2 3 4 |  4.6
Long Blades    | 1 |  1.4
Invocations    | 1 2 |  2.7
Evocations     | 1 2 |  2.0
Spellcasting   | |  0.3
Hexes          | |  0.4
Summonings     | |  0.2

Action                   |  1- 3 |  4- 6 |  7- 9 | 10-12 || total
-------------------------+-------+-------+-------+-------++-------
Melee: Dagger            |   134 |   186 |   735 |  1390 ||  2445
       Bite              |    13 |    21 |   106 |   276 ||   416
       Hand axe          |       |    33 |       |       ||    33
       Rapier            |       |       |    56 |       ||    56
       Long sword        |       |       |       |    51 ||    51
       Short sword       |       |       |       |   242 ||   242
 Fire: Blowgun           |       |       |    18 |     1 ||    19
Throw: Tomahawk          |       |     5 |    15 |    45 ||    65
       Stone             |       |     1 |     2 |       ||     3
       Throwing net      |       |       |       |     2 ||     2
 Cast: Call Canine Famil |       |       |       |     1 ||     1
       Summon Guardian G |       |       |       |     1 ||     1
Invok: Triple Draw       |       |       |       |     2 ||     2
       Deal Four         |       |       |       |     1 ||     1
 Abil: End Transformatio |       |     3 |     5 |     8 ||    16
       Bat Form          |       |     3 |     5 |     8 ||    16
       Stop Flying       |       |       |       |     1 ||     1
Evoke: Wand              |       |       |     1 |    37 ||    38
       Deck              |       |       |       |    25 ||    25
  Use: Potion            |       |     6 |    12 |    33 ||    51
       Scroll            |       |     4 |     9 |    17 ||    30
 Stab: Sleeping          |     9 |     5 |    12 |    21 ||    47
       Distracted        |     1 |       |     3 |     7 ||    11
Armor: Robe              |    36 |     1 |       |       ||    37
       Chain mail        |       |   124 |    16 |       ||   140
       Scale mail        |       |       |   290 |   431 ||   721
       Plate armour      |       |       |       |    21 ||    21
Dodge: Dodged            |    97 |    63 |   338 |   725 ||  1223
       Rpst.: Long sword |       |       |       |     6 ||     6
